 Dungeon Crawl Stone Soup version 0.28-a0-984-g3775c662fe (webtiles) character file.

Game seed: 15382533566137339787

3 ryw the Caller (level 1, 0/14 HPs)
             Began as a Hill Orc Summoner on Dec 3, 2021.
             Slain by a jackal (1 damage)
             ... on level 1 of the Dungeon.
             The game lasted 00:01:03 (417 turns).

ryw the Caller (Hill Orc Summoner)                   Turns: 417, Time: 00:01:04

Health: 0/14       AC:  2    Str: 10    XL:     1   Next: 50%
Magic:  0/3        EV: 12    Int: 15    God:
Gold:   0          SH:  0    Dex: 11    Spells: 2/3 levels left

rFire   . . .      SeeInvis .   (no weapon)
rCold   . . .      Faith    .   (no shield)
rNeg    . . .      Spirit   .   a - +0 robe
rPois   .          Reflect  .   (no helmet)
rElec   .          Harm     .   (no cloak)
rCorr   .          Rampage  .   (no gloves)
Will    .....                   (no boots)
Stlth   ++........              (no amulet)
HPRegen 0.04/turn               (no ring)
MPRegen 0.08/turn               (no ring)

@: no status effects
A: no striking features
a: no special abilities


You were on level 1 of the Dungeon.
You visited 1 branch of the dungeon, and saw 1 of its levels.

Inventory:

Armour
 a - a +0 robe (worn)


   Skills:
 + Level 1.5 Dodging
 + Level 1.5 Stealth
 + Level 1.5 Spellcasting
 + Level 4.2 Summonings


You had 2 spell levels left.
You knew the following spells:

 Your Spells              Type           Power      Damage    Failure   Level
a - Summon Small Mammal   Summ           52%        N/A       4%          1

Your spell library contained the following spells:

 Spells                   Type           Power      Damage    Failure   Level
 Call Imp                 Summ           13%        N/A       6%          2
 Call Canine Familiar     Summ           13%        N/A       12%         3
 Summon Guardian Golem    Hex/Summ       7%         N/A       30%         3
 Summon Lightning Spire   Summ/Air       7%         N/A       69%         4


Dungeon Overview and Level Annotations

Branches:
Dungeon (1/15)

Altars:


Message History

You are very lightly contaminated with residual magic.
Nothing appears to happen.
The jackal misses you.
Your quokka closely misses the jackal.
Your rat misses the jackal.
Unknown command.
Your rat barely misses the jackal.
The jackal bites your quokka but does no damage.
The jackal bites you.
Your rat barely misses the jackal.
The jackal barely misses you.
Your quokka bites the jackal.
The jackal closely misses something.
The jackal misses your quokka.
Your quokka barely misses the jackal.
The jackal bites your quokka.
Your magical contamination has completely faded away.
A jackal comes into view.
The jackal barks!
A giant cockroach comes into view.
Your quokka closely misses the jackal.
The jackal completely misses your quokka.
Your quokka bites the jackal.
The jackal dies!
There is an open door here.
Casting: Summon Small Mammal (safe; 4% risk of failure)
Confirm with . or Enter, or press ? or * to list all spells.
The jackal barely misses you. The jackal bites you.
* * * LOW HITPOINT WARNING * * *
Your rat closely misses the jackal.
You closely miss the jackal. The jackal closely misses you.
The jackal bites you.
* * * LOW HITPOINT WARNING * * *
Your rat bites the jackal but does no damage.
Unknown command.
You closely miss the jackal.
The jackal bites you but does no damage.
Your rat bites the jackal but does no damage.
Unknown command.
You closely miss the jackal. The jackal bites you.
* * * LOW HITPOINT WARNING * * *
Your quokka misses the jackal.
Your rat bites the jackal.
Unknown command.
The jackal bites you.
You die...

##.....####..# #(....# #..#
### ##..B.# #h.# #.. #+...#
#.r# #.######
#...####†r###.#
#.##...#####............#
#+#'##.#.#rBr#h.####.####.#
#...##.#.#h#.#..# #.#
+.<.'..#.#@#.'..####.##
#...##.#.#.###..)......
#+#+##.#...# #.........
#.#######..####### #..
#...# ### #+...# ##....#
#.....# ###.....### #


You could see a jackal (ally target), a giant cockroach and a friendly rat
(summoned).

Vanquished Creatures (collateral kills)
  A jackal (D:1)
  A quokka (D:1)
  A kobold (D:1)
3 creatures vanquished.

Notes
Turn   | Place    | Note
-------+----------+-------------------------------------------
     0 | D:1      | ryw the Hill Orc Summoner began the quest for the Orb.
     0 | D:1      | Reached XP level 1. HP: 14/14 MP: 3/3
   417 | D:1      | Slain by a jackal

Illustrated notes

Levels and vault maps discovered:
D:1:      nicolae_arrival_somewhat_less_tricky_arrival, layout_basic

Action                   || total
-------------------------++-------
Melee: Unarmed           ||    14
 Cast: Summon Small Mamm ||     9
Armor: Robe              ||     2
Dodge: Dodged            ||    16

Table legend: (Time is in decaauts)
 A = Elapsed time spent in this place.
 B = Non-inter-level travel time spent in this place.
 C = Inter-level travel time spent in this place.
 D = Time resting spent in this place.
 E = Time spent auto-exploring this place.
 F = Levels seen in this place.
 G = Mean time per level.
                   A        B        C        D        E       F      G
               +--------+--------+--------+--------+--------+-----+--------+
         Total |    417 |    417 |      0 |    300 |     37 |   1 |  417.0 |
       Dungeon |    417 |    417 |      0 |    300 |     37 |   1 |  417.0 |
               +--------+--------+--------+--------+--------+-----+--------+

Top non-repeatable levels by time:
     D:1: 417 daAuts
